 Dungeon Crawl Stone Soup version 0.31-a0-925-g0a390f2509 (webtiles) character file.

Game seed: 12221547119010308580

1750 promet the Firebug (level 9, -6/60 HPs)
             Began as an Octopode Fire Elementalist on Oct 18, 2023.
             Was a Follower of Vehumet.
             Shot with an arrow by a centaur (11 damage)
             ... on level 7 of the Dungeon.
             The game lasted 01:00:19 (12651 turns).

promet the Firebug (Octopode Fire Elementalist)    Turns: 12651, Time: 01:00:20

Health: -6/60      AC:  1    Str:  8    XL:     9   Next: 6%
Magic:  14/16      EV: 14    Int: 21    God:    Vehumet [*.....]
Gold:   226        SH:  5    Dex: 12    Spells: 9/17 levels left

rFire   . . .        b - +1 arbalest
rCold   . . .        (shield currently unavailable)
rNeg    . . .        (helmet restricted)
rPois   .            v - amulet of reflection
rElec   .            (no ring)
rCorr   .            (no ring)
SInv    .            (no ring)
Will    .....        (no ring)
Stlth   ++++         (no ring)
HPRegen 0.30/turn    (no ring)
MPRegen 0.15/turn    (no ring)
                     (no ring)

%: reflection
@: no status effects
A: almost no armour, amphibious, 8 rings, camouflage 1, gelatinous body 1,
(nimble swimmer 1), tentacles
a: Renounce Religion


You were on level 7 of the Dungeon.
You worshipped Vehumet.
Vehumet was aware of your devotion.
You visited 1 branch of the dungeon, and saw 7 of its levels.

You collected 266 gold pieces.
You spent 40 gold pieces at shops.

Inventory:

Hand Weapons
 a - a +4 halberd
 b - a +1 arbalest (weapon)
 c - a +2 war axe of venom
 l - a +0 spear
 s - a +0 sling
 y - a +0 broad axe
 A - a +1 flail
Missiles
 e - 59 stones
 i - 3 poisoned darts
 k - 15 boomerangs
 x - 3 javelins
Jewellery
 f - a ring of ice
 q - a +4 ring of protection
 r - a ring of flight
 v - an amulet of reflection (around mantle)
Wands
 p - a wand of flame (17)
 t - a wand of roots (5)
Scrolls
 g - 2 scrolls of teleportation
Potions
 d - 2 potions of magic
 h - 4 potions of might
 j - a potion of lignification
 m - a potion of attraction
 n - a potion of degeneration {unknown}
 o - 2 potions of ambrosia {unknown}
 u - 3 potions of haste {unknown}
 w - a potion of brilliance
 z - a potion of curing {unknown}


   Skills:
 * Level 4.9 Fighting
 + Level 1.2(2.1) Axes
 + Level 1.1(1.4) Maces & Flails
 * Level 2.1(2.3) Polearms
 + Level 3.5 Ranged Weapons
 + Level 3.5 Dodging
 + Level 4.6 Stealth
 + Level 0.3 Shields
 + Level 4.7 Spellcasting
 + Level 2.8 Conjurations
 + Level 1.9 Translocations
 + Level 5.5 Fire Magic


You had 9 spell levels left.
You knew the following spells:

 Your Spells              Type           Power      Damage    Failure   Level
a - Foxfire               Conj/Fire      88%        2x1d8     1%          1
b - Scorch                Fire           56%        2d7       1%          2
c - Blink                 Tloc           26%        N/A       8%          2
d - Volatile Blastmotes   Fire/Tloc      40%        2d13      7%          3

Your spell library contained the following spells:

 Spells                   Type           Power      Damage    Failure   Level
 Freeze                   Ice            20%        1d4       11%         1
 Inner Flame              Hex/Fire       16%        N/A       11%         3
 Flame Wave               Conj/Fire      22%        2d8       21%         4
 Ozocubu's Armour         Ice            5%         N/A       32%         3
 Manifold Assault         Tloc           13%        N/A       45%         4
 Passage of Golubria      Tloc           13%        N/A       45%         4
 Metabolic Englaciation   Hex/Ice        2%         N/A       97%         5
 Silence                  Hex/Air        2%         N/A       97%         5
 Simulacrum               Ice/Necr       2%         N/A       100%        6
 Summon Cactus Giant      Summ           2%         N/A       100%        6
 Lehudib's Crystal Spear  Conj/Erth      5%         10d3      100%        8


Dungeon Overview and Level Annotations

Branches:
Dungeon (7/15)
 Temple: D:4-7

Altars:
Fedhas
Gozag
Kikubaaqudgha
Makhleb
Nemelex Xobeh
Okawaru
Sif Muna
Vehumet
Xom
Yredelemnul
Zin

Shops:
D:3 [   D:4 !

Annotations:
D:4 1 runed translucent door, croobank's ghost, amateur GnMo


Innate Abilities, Weirdness & Mutations

You cannot wear most types of armour.
You are amphibious.
You can wear up to eight rings at the same time.
Your skin changes colour to match your surroundings (Stealth+).
Your rubbery body absorbs attacks. (AC +1, EV +1)
((You are camouflaged when in or above water. (Stealth+)))
You have tentacles for arms and can constrict up to eight enemies at once.


Message History

Found a scroll of enchant armour.
A bullfrog comes into view.
You shoot a bolt. The bullfrog gives a loud, deep croak!
The bolt hits the bullfrog!
The bullfrog is heavily wounded.
Casting: Foxfire (safe; 1% risk of failure)
Confirm with . or Enter, or press ? or * to list all spells.
Flames lash the bullfrog.
You kill the bullfrog!
Vehumet accepts your kill.
You hear a shout!
A centaur comes into view.
The centaur wields a +0 orcbow.
The centaur shoots an arrow.
The arrow hits you!
Your Polearms skill increases to level 2!
You shoot a bolt. The bolt hits the centaur!
The centaur is severely wounded.
The centaur shoots an arrow.
The arrow closely misses you.
You shoot a bolt. The bolt hits the centaur.
The centaur is almost dead.
The centaur shoots an arrow.
The arrow hits you.
The centaur shoots an arrow.
The arrow misses you.
An ogre comes into view. It is wielding a +0 giant spiked club.
You shoot a bolt. The bolt barely misses the centaur.
The ogre shouts!
The centaur shoots an arrow.
The arrow completely misses you.
The centaur shoots an arrow.
The arrow hits you!
The centaur shoots an arrow.
The arrow hits you!
Okay, then.
Casting: Scorch (safe; 1% risk of failure)
Confirm with . or Enter, or press ? or * to list all spells.
You conjure some foxfire!
The centaur shoots an arrow.
The arrow misses you. The arrow hits your foxfire!
The centaur shoots an arrow.
The arrow hits you!
* * * LOW HITPOINT WARNING * * *
The foxfire hits the ogre.
The ogre is lightly wounded.
The centaur shoots an arrow.
The arrow hits you!
You die...

#...# #. ##....# #...#
#.# ..?[... #...# #..##
....... #...# #..#
....... #...#
#.###......? #...#
#........... ###
#...#####..§§§§v....
..###...#......§§§§O....
....#...#.....##@....c..
....)..###.###..........
.####...................
## ###..##.#.###.......
# #.......# ...<...
#...#.#..# #...!..
.......##..# #.....
.##..######... #.### .
...# #### .#


You could see an ogre (ally target) and a centaur.

Vanquished Creatures
  Grinder (D:4)
  An ice beast (D:6)
  An orc warrior (D:6)
  2 centaurs
  3 phantoms (D:5)
  2 bullfrogs
  2 scorpions (D:5)
  A howler monkey (D:5)
  A hound (D:6)
  2 jellies
  An orc priest (D:5)
  A sleepcap (D:6)
  Jessica (D:3)
  Ijyb (D:4)
  An iguana (D:7)
  Natasha (thrice) (D:2)
  An orc wizard (D:6)
  A mummy (D:6)
  Robin (D:3)
  13 adders
  7 gnolls
  A white imp (D:6)
  2 worms
  5 dart slugs
  30 orcs
  8 ball pythons
  6 bats
  14 endoplasms
  3 giant cockroaches
  15 goblins
  10 hobgoblins
  6 jackals
  7 kobolds
  5 quokkas
  3 frilled lizards
  3 hobgoblin zombies (D:6)
  An orc zombie (D:6)
  10 rats
176 creatures vanquished.

Vanquished Creatures (others)
  197 foxfires
197 creatures vanquished.

Grand Total: 373 creatures vanquished

Notes
Turn   | Place    | Note
-------+----------+-------------------------------------------
     0 | D:1      | promet the Octopode Fire Elementalist began the quest for
                  | the Orb.
     0 | D:1      | Reached XP level 1. HP: 11/11 MP: 3/3
   128 | D:1      | Reached XP level 2. HP: 18/18 MP: 0/5
   131 | D:1      | Learned a level 2 spell: Scorch
  1079 | D:1      | Reached XP level 3. HP: 6/22 MP: 4/6
  2215 | D:2      | Reached XP level 4. HP: 27/27 MP: 0/7
  2384 | D:2      | Reached skill level 1 in Fighting
  2418 | D:2      | Noticed Natasha
  2428 | D:2      | Killed Natasha
  2723 | D:2      | Reached XP level 5. HP: 33/33 MP: 5/9
  3807 | D:2      | Noticed Natasha
  3814 | D:2      | Killed Natasha
  3815 | D:2      | Reached skill level 4 in Fire Magic
  4357 | D:2      | Noticed Natasha
  4363 | D:2      | Killed Natasha
  4894 | D:3      | Reached XP level 6. HP: 39/39 MP: 7/10
  5131 | D:3      | Found Vepp's Armour Boutique.
  5197 | D:3      | Noticed Jessica
  5199 | D:3      | Killed Jessica
  5263 | D:3      | Reached skill level 1 in Axes
  6110 | D:3      | Noticed Robin
  6125 | D:3      | Killed Robin
  6612 | D:4      | Noticed Ijyb
  6755 | D:4      | Found a runed translucent door.
  6760 | D:4      | Noticed croobank's ghost (amateur GnMo)
  7070 | D:4      | Found Heidd's Distillery.
  7079 | D:5      | Entered Level 5 of the Dungeon
  7574 | D:4      | Killed Ijyb
  7882 | D:4      | Learned a level 2 spell: Blink
  7919 | D:4      | Noticed Grinder
  7923 | D:4      | Paralysed by Grinder for 4 turns
  7934 | D:4      | Killed Grinder
  7935 | D:4      | Reached skill level 1 in Ranged Weapons
  7935 | D:4      | Reached XP level 7. HP: 23/46 MP: 5/12
  8147 | D:4      | Found a basalt altar of Yredelemnul.
  8259 | D:4      | Bought a potion of brilliance for 40 gold pieces
  8685 | D:5      | Reached skill level 1 in Maces & Flails
  8688 | D:5      | Reached skill level 1 in Translocations
  8688 | D:5      | Reached skill level 5 in Fire Magic
  8688 | D:5      | Reached XP level 8. HP: 45/54 MP: 8/13
  9379 | D:5      | Found a glowing silver altar of Zin.
 10058 | D:5      | Found a shimmering altar of Xom.
 10058 | D:5      | Found a sparkling altar of Nemelex Xobeh.
 10058 | D:5      | Found a burning altar of Makhleb.
 10101 | D:5      | Found a radiant altar of Vehumet.
 10101 | D:5      | Found an opulent altar of Gozag.
 10118 | D:5      | Became a worshipper of Vehumet
 10416 | D:6      | Found an iron altar of Okawaru.
 11091 | D:6      | Found a blossoming altar of Fedhas.
 11092 | D:6      | Found an ancient bone altar of Kikubaaqudgha.
 11699 | D:6      | Reached skill level 1 in Polearms
 12173 | D:6      | Learned a level 3 spell: Volatile Blastmotes
 12197 | D:6      | Reached * piety under Vehumet
 12197 | D:6      | Offered knowledge of Freeze by Vehumet.
 12524 | D:7      | Reached XP level 9. HP: 37/60 MP: 13/16
 12616 | D:7      | Found a shimmering blue altar of Sif Muna.
 12651 | D:7      | Shot with an arrow by a centaur

Illustrated notes

Levels and vault maps discovered:
D:1:      pf_arrival_petrified_forest, layout_loops_ring
D:2:      layout_basic, uniq_natasha
D:3:      minmay_evil_eye, layout_basic, serial_shops,
          nicolae_shop_pleasant_corner_grove, uniq_robin, uniq_jessica
D:4:      layout_basic, old_standard_altar, serial_shops, shop,
          ebering_ghost_reflecting_pool, uniq_grinder, uniq_ijyb
D:5:      layout_rooms, minmay_overflow_temple_hex
D:6:      layout_loops_ring, okawaru_ov_weapons_minmay,
          grunt_temple_overflow_growth_and_decay, minmay_mini_ossuary
D:7:      layout_rooms, lemuel_blue_sif_altar, mainiacjoe_overflow_24_doors,
          minmay_temple_entry_waves, minivault_22

Skill      XL: |  1  2  3  4  5  6  7  8  9 |
---------------+----------------------------+-----
Stealth        | 3 4 |  4.6
Fighting       | 1 2 3 4 |  4.9
Spellcasting   | 3 4 |  4.7
Fire Magic     | 4 5 |  5.5
Axes           | 1 |  1.2
Ranged Weapons | 1 2 3 |  3.5
Conjurations   | 2 |  2.8
Maces & Flails | 1 |  1.1
Translocations | 1 |  1.9
Dodging        | 3 |  3.5
Polearms       | 1 2 |  2.1
Shields        | |  0.3

Action                     |  1- 3 |  4- 6 |  7- 9 || total
---------------------------+-------+-------+-------++-------
  Melee: Hand axe          |    15 |    20 |       ||    35
         Constrict         |     3 |    13 |     4 ||    20
         Tentacles         |     1 |     8 |     6 ||    15
         Punch             |       |     1 |     1 ||     2
         Flail             |       |    41 |    12 ||    53
         Halberd           |       |       |     6 ||     6
         War axe           |       |       |     3 ||     3
   Fire: Arbalest          |       |    13 |    74 ||    87
         Sling             |       |     1 |       ||     1
  Throw: Boomerang         |       |       |     1 ||     1
   Cast: Foxfire           |    30 |    66 |    36 ||   132
         Scorch            |    11 |    36 |    41 ||    88
         Blink             |       |       |     6 ||     6
         Volatile Blastmot |       |       |     1 ||     1
  Evoke: Wand              |       |     2 |       ||     2
    Use: Scroll            |     3 |     9 |     7 ||    19
         Potion            |       |       |     1 ||     1
   Stab: Sleeping          |     1 |     5 |       ||     6
         Distracted        |       |     1 |       ||     1
 Armour: Skin              |    12 |    46 |    48 ||   106
  Dodge: Dodged            |    16 |    67 |    48 ||   131
  Block: Other             |       |       |    15 ||    15

Table legend: (Time is in decaauts)
 A = Elapsed time spent in this place.
 B = Non-inter-level travel time spent in this place.
 C = Inter-level travel time spent in this place.
 D = Time resting spent in this place.
 E = Time spent auto-exploring this place.
 F = Levels seen in this place.
 G = Mean time per level.
                   A        B        C        D        E       F      G
               +--------+--------+--------+--------+--------+-----+--------+
         Total |  12745 |  12500 |    245 |   5816 |   1709 |   7 | 1820.7 |
       Dungeon |  12745 |  12500 |    245 |   5816 |   1709 |   7 | 1820.7 |
               +--------+--------+--------+--------+--------+-----+--------+

Top non-repeatable levels by time:
     D:2: 2986 daAuts
     D:4: 1984 daAuts
     D:6: 1980 daAuts
     D:3: 1897 daAuts
     D:5: 1881 daAuts
     D:1: 1803 daAuts
     D:7: 211 daAuts
